Map: Abyssal Reef LE

Players

Snute - Winner!

  • Race: Zerg Zerg
  • Spawn Location: 11:00

Botvinnik

  • Race: Terran Terran
  • Spawn Location: 5:00

Event: WCS Valencia 2017

VOD

Have the link to the VOD?

Description

Time

  • Played on: July 13, 2017, 11:38 a.m.
  • Length: 12:25

All games in this series

Show
View Real Time Build Order
Export as new Build Order

Snute Zerg - Winner!

Build Orders: Pool First 

Get SALT Encoding   

  12  0:00  Drone  
  13  0:12  Overlord  
  13  0:17  Drone  
  14  0:30  Drone x2  
  14  0:34  Drone  
  17  0:44  Spawning Pool  
  17  0:48  Drone  
  17  1:09  Hatchery  
  17  1:11  Drone  
  17  1:14  Drone  
  17  1:18  Extractor  
  17  1:19  Drone  
  18  1:30  Queen  
  18  1:32  Zergling x2  
  21  1:40  Overlord  
  21  1:49  Drone  
  22  2:00  Drone  
  23  2:06  Queen  
  25  2:13  Drone  
  26  2:19  Metabolic Boost  
  26  2:20  Queen  
  26  2:21  Drone  
  29  2:23  Drone  
  30  2:32  Drone x2  
  32  2:39  Overlord  
  32  2:40  Drone x2  
  32  2:42  Drone  
  35  2:46  Drone  
  36  2:58  Drone x2  
  36  3:03  Overlord  
  38  3:06  Drone  
  39  3:14  Drone x2  
  39  3:15  Drone, Overlord  
  39  3:16  Drone x2  
  39  3:17  Overlord  
  44  3:23  Drone  
  45  3:30  Drone x2  
  45  3:33  Hatchery  
  46  3:39  Zergling x2  
  43  3:44  Drone  
  42  3:49  Queen  
  42  3:50  Queen  
  42  3:52  Drone  
  42  3:53  Drone  
  48  4:02  Drone x2  
  50  4:11  Drone  
  50  4:12  Spore Crawler, Drone  
  50  4:13  Spore Crawler  
  50  4:19  Zergling x4  
  50  4:21  Zergling x2  
  54  4:24  Drone x2  
  54  4:25  Queen x2  
  54  4:28  Overlord  
  54  4:29  Drone  
  54  4:30  Drone  
  60  4:36  Drone x2  
  62  4:38  Spore Crawler  
  61  4:48  Drone x3  
  64  4:54  Evolution Chamber x2  
  64  4:55  Drone  
  64  4:57  Drone x4  
  64  4:58  Drone x3  
  70  5:00  Drone  
  71  5:09  Overlord  
  71  5:13  Drone x2  
  73  5:17  Drone  
  73  5:18  Extractor  
  72  5:24  Drone x5  
  72  5:28  Drone x5  
  81  5:29  Zerg Ground Armor Level 1, Drone, Extractor, Zerg Missile Weapons Level 1  
  81  5:30  Extractor  
  81  5:34  Extractor  
  81  5:35  Drone x2  
  81  5:36  Extractor, Overlord  
  81  5:40  Roach Warren  
  79  5:47  Drone x2  
  79  5:49  Drone  
  82  5:55  Drone x2  
  82  5:56  Drone x2, Overlord  
  86  5:59  Lair  
  86  6:08  Hatchery, Overlord x3  
  86  6:09  Overlord  
  85  6:14  Drone  
  85  6:16  Drone  
  85  6:17  Drone  
  85  6:18  Drone  
  89  6:19  Roach x2  
  89  6:20  Roach x2  
  89  6:24  Overlord x2  
  97  6:28  Roach x2  
  101  6:34  Overlord  
  101  6:36  Roach x4  
  109  6:41  Overlord  
  109  6:50  Roach x7  
  109  6:52  Extractor  
  122  6:56  Drone x4  
  122  6:57  Extractor  
  122  6:58  Ravager x2  
  122  7:00  Ravager  
  122  7:01  Glial Reconstitution  
  128  7:02  Infestation Pit, Roach  
  128  7:04  Roach  
  131  7:15  Roach x3  
  137  7:23  Overlord x2  
  137  7:24  Zerg Missile Weapons Level 2, Zerg Ground Armor Level 2  
  137  7:25  Roach x2  
  137  7:26  Roach  
  137  7:28  Ravager  
  144  7:30  Roach x2  
  148  7:41  Infestor  
  150  7:48  Drone x2  
  150  7:49  Spore Crawler, Infestor x2  
  155  7:56  Roach x6  
  155  7:57  Overlord x2  
  167  8:08  Drone x2  
  167  8:09  Spore Crawler  
  168  8:14  Hive  
  168  8:18  Spire  
  167  8:32  Roach  
  167  8:33  Roach x5  
  179  8:34  Overlord  
  179  8:39  Overlord  
  179  8:40  Spore Crawler  
  178  8:43  Spore Crawler  
  176  9:30  Greater Spire  
  176  9:32  Spawning Pool  
  175  9:41  Burrow  
  175  9:43  Zerg Ground Armor Level 3, Zerg Missile Weapons Level 3  
  175  9:44  Corruptor  
  175  9:45  Corruptor x5  
  179  9:49  Roach x2  
  191  9:57  Ravager  
  191  9:59  Overlord  
  192  10:03  Hatchery  
  191  10:07  Overlord  
  191  10:08  Ravager  
  139  10:32  Roach x10  
  143  10:40  Roach x5  
  145  10:51  Roach x13  
  145  10:55  Roach x6  
  145  10:56  Roach x2  
  172  10:58  Infestor  
  172  11:01  Brood Lord x3  
  172  11:02  Brood Lord x3  
  172  11:03  Roach  
  172  11:04  Roach  
  190  11:12  Roach x5  
  192  11:29  Roach x5  
  192  11:35  Roach x5  
Show
View Real Time Build Order
Export as new Build Order

Botvinnik Terran 

Build Orders: Reaper Expand, Hellion Banshee, MMM Bio 

Get SALT Encoding   

  12  0:01  SCV  
  13  0:13  SCV  
  14  0:17  Supply Depot  
  14  0:25  SCV  
  15  0:29  Refinery  
  15  0:39  SCV  
  16  0:45  Barracks  
  16  0:51  SCV  
  17  1:04  SCV  
  18  1:16  SCV  
  19  1:32  Orbital Command  
  19  1:33  Reaper  
  20  1:43  Command Center  
  20  1:54  Factory  
  20  1:58  SCV  
  21  2:05  Supply Depot  
  21  2:08  Barracks Reactor  
  21  2:12  SCV  
  22  2:16  Refinery  
  22  2:24  SCV  
  23  2:36  SCV  
  24  2:42  Starport  
  24  2:48  SCV  
  24  2:49  Hellion x2  
  29  2:52  Barracks Tech Lab  
  29  2:57  Orbital Command  
  29  3:04  SCV  
  30  3:14  Hellion x2  
  30  3:16  SCV  
  35  3:24  SCV  
  36  3:27  Barracks Tech Lab  
  36  3:28  SCV  
  37  3:36  SCV  
  37  3:38  Hellion  
  37  3:40  SCV  
  40  3:48  SCV  
  37  3:49  Banshee  
  37  3:52  SCV  
  41  3:57  Supply Depot  
  41  4:01  SCV  
  42  4:04  Stimpack, SCV  
  42  4:08  Hellion  
  45  4:14  SCV  
  46  4:18  SCV  
  46  4:19  Hellion  
  46  4:20  Supply Depot  
  49  4:28  SCV  
  50  4:32  Viking  
  52  4:40  SCV x2  
  52  4:42  Supply Depot  
  52  4:44  Marine, Command Center  
  55  4:49  Barracks  
  55  4:50  Barracks  
  55  4:53  Factory Reactor  
  55  4:56  SCV  
  55  4:57  SCV  
  57  5:00  Refinery  
  57  5:01  Marine, Refinery  
  57  5:03  Engineering Bay  
  57  5:04  Engineering Bay  
  58  5:15  SCV x2  
  58  5:19  Marine  
  61  5:25  Starport Reactor  
  58  5:28  SCV x2  
  58  5:31  Terran Infantry Armor Level 1, Terran Infantry Weapons Level 1  
  60  5:37  Marine  
  60  5:38  Marine x2  
  60  5:40  Barracks  
  60  5:42  SCV x2  
  65  5:43  Barracks  
  65  5:44  Marine x2  
  65  5:45  Factory Reactor  
  67  5:51  Supply Depot  
  67  5:52  Supply Depot  
  67  6:00  SCV x2, Marine x2  
  67  6:01  Marine  
  67  6:03  Medivac x2  
  76  6:04  Marine x2  
  78  6:15  Orbital Command  
  78  6:17  SCV x2  
  78  6:18  Marine x3  
  80  6:22  Marine x2, Widow Mine  
  87  6:25  Widow Mine  
  87  6:30  Barracks Reactor x2  
  87  6:31  Combat Shields  
  91  6:32  SCV x2  
  91  6:41  SCV  
  91  6:42  Bunker  
  91  6:44  SCV, Supply Depot  
  91  6:46  Supply Depot  
  93  6:51  Marine x4  
  93  6:52  Marine, Widow Mine  
  100  6:55  SCV  
  100  7:00  Supply Depot  
  101  7:05  SCV, Medivac x2, Widow Mine  
  101  7:07  Marine x4  
  112  7:14  SCV x2  
  112  7:15  Supply Depot  
  114  7:16  Marine x3  
  114  7:21  Marine x2  
  119  7:25  Armory  
  119  7:27  Marine  
  119  7:28  Marine x2  
  119  7:29  Marine, Barracks  
  123  7:30  Barracks  
  123  7:31  Barracks  
  118  7:45  SCV x2  
  118  7:48  Marauder, Marine x7  
  118  7:49  Marine, Medivac x2  
  128  8:07  Marine x5  
  128  8:08  Marine x3  
  132  8:13  Terran Infantry Armor Level 2, Terran Infantry Weapons Level 2  
  132  8:20  Barracks Tech Lab x2  
  132  8:21  Barracks Tech Lab  
  132  8:26  Marine  
  133  8:39  Marine  
  133  8:46  Supply Depot x2  
  133  8:48  Marauder x3, Marine x2, Supply Depot  
  141  9:07  Marine x8, Medivac x2, Widow Mine x2, Supply Depot x2  
  141  9:08  Marauder  
  162  9:10  Marauder x3  
  145  9:24  Marine  
  145  9:25  Marine x3  
  145  9:30  Marauder  
  154  9:31  Marauder x3  
  154  9:32  Marine  
  154  9:33  Marine x3  
  154  9:36  Widow Mine x2  
  154  9:37  Medivac  
  157  9:42  Marine  
  148  9:47  Marine x3  
  148  9:50  Marine  
  148  9:51  Marauder  
  160  9:52  Marauder x3  
  160  9:53  Supply Depot  
  160  10:02  Marine  
  160  10:03  Marine  
  162  10:07  Marine x2  
  162  10:08  Marine x3  
  162  10:13  Marauder  
  162  10:14  Marauder x3  
  165  10:23  Marine  
  165  10:24  Marine  
  138  10:28  Marine x2  
  138  10:33  Marine x2  
  138  10:34  Marauder, Marine x2  
  138  10:35  Marauder x3  
  132  10:37  Medivac x2  
  118  10:45  Marine x2  
  118  10:46  Marine x2  
  113  10:51  Marine x2  
  113  10:52  Marine x2  
  113  10:55  Marauder  
  113  10:56  Marine  
  113  10:57  Marauder x2  
  118  11:03  Marine  
  119  11:06  Marine  
  119  11:07  Medivac  
  119  11:10  Marine x4  
  126  11:11  Marine  
  126  11:12  Marine  
  126  11:14  Marauder  
  126  11:17  Marauder, Marine  
  126  11:18  Marauder  
  135  11:20  Marine  
  135  11:24  Marine  
  132  11:28  Marine x2  
  132  11:31  Marine x2  
  122  11:36  Marauder x2  
  122  11:38  Marauder, Marine  
  122  11:39  Marauder, Marine x2  
  125  11:41  Marine  
  125  11:45  Marine  
  125  11:46  Marine  
  128  11:49  Marine  
  129  11:55  Marine  
  129  11:56  Marine x3  
  129  11:57  Marauder x2  
  129  11:59  Marauder  
  129  12:01  Marauder  
  141  12:02  Marine  
  141  12:03  Marine  
  141  12:04  Marine  
  141  12:06  Marine  
Tags
 
Add a new tag
Caveats
  • Supply blocks, unpowered buildings, or Contaminate may cause inaccurate times.
  • Supply counts are checked every 10 seconds.